 Dungeon Crawl Stone Soup version 0.31-a0-175-g9f7f995f2b (webtiles) character file.

Game seed: 699082931252404881

35107 qw the Cleaver (level 13, -8/84 HPs)
             Began as a Gargoyle Fighter on June 16, 2023.
             Was a High Priest of Okawaru.
             Mangled by a death yak (10 damage)
             ... on level 5 of the Lair of Beasts.
             The game lasted 00:06:40 (12675 turns).

qw the Cleaver (Gargoyle Fighter)                  Turns: 12675, Time: 00:06:40

Health: -8/84      AC: 35    Str: 23    XL:     13   Next: 81%
Magic:  18/20      EV: 10    Int: 11    God:    Okawaru [*****.]
Gold:   854        SH:  9    Dex: 13    Spells: 12/12 levels left

rFire   . . .        s - +0 demon whip (venom)
rCold   . . .        j - +2 buckler
rNeg    + . .        q - +0 plate armour
rPois   inf          b - +0 helmet
rElec   +            r - +0 cloak
rCorr   .            o - +0 pair of gloves "Dubef" {+Blink Dex+4}
SInv    .            u - +2 pair of boots
Will    .....        A - amulet of faith Stlth
                     (no ring)
HPRegen 0.34/turn    (no ring)
MPRegen 0.17/turn

%: faith
@: about to teleport, heroic, finesse-ful
A: sickness immunity, AC +9, negative energy resistance 1, electricity
resistance, torment resistance 1, petrification resistance
a: Renounce Religion, Evoke Blink, Heroism, Finesse, Duel


You were on level 5 of the Lair of Beasts.
You worshipped Okawaru.
Okawaru was extremely pleased with you.
You visited 2 branches of the dungeon, and saw 14 of its levels.

You collected 854 gold pieces.


Innate Abilities, Weirdness & Mutations

You are immune to sickness and miasma.
Your stone body is resilient. (AC +9)
You are immune to poison.
You resist negative energy. (rN+)
You are resistant to electric shocks. (rElec)
You are resistant to unholy torment.
You are immune to petrification.


   Skills:
 + Level 11.1(16.1) Fighting
 - Level 14.0(19.0) Axes
 - Level 2.1(7.1) Throwing
 - Level 11.1(16.1) Armour
 - Level 3.0(8.0) Dodging
 - Level 7.2(12.2) Shields
 - Level 10.0 Invocations


You had 12 spell levels left.
You didn't know any spells.
Your spell library was empty.

Inventory:

Hand Weapons
 l - a +3 morningstar of freezing
 s - a +0 demon whip of venom (weapon)
 Y - a +6 heavy war axe
Armour
 b - a +0 helmet (worn)
 j - a +2 buckler (worn)
 o - the +0 pair of gloves "Dubef" (worn) {+Blink Dex+4}
   (Okawaru gifted it to you on level 3 of the Lair of Beasts)

   Dex:       It affects your dexterity (+4).
   +Blink:    It lets you blink.
 q - a +0 plate armour (worn)
 r - a +0 cloak (worn)
 u - a +2 pair of boots (worn)
Jewellery
 f - a ring of ice
 x - an amulet of regeneration
 A - an amulet of faith (around neck)
Wands
 k - a wand of digging (13)
Scrolls
 a - 4 scrolls of identify
 g - 3 scrolls of teleportation
Potions
 c - 2 potions of curing
 d - 3 potions of might
 e - a potion of cancellation
 h - a potion of resistance
 i - a potion of mutation
 m - a potion of magic
 t - a potion of attraction
 v - 2 potions of haste
 w - a potion of lignification

Dungeon Overview and Level Annotations

Branches:
Dungeon (9/15)             Temple (0/1) D:6            Lair (5/5) D:9
 Shoals (0/4) Lair:3       Spider (0/4) Lair:3
  Slime: Lair:4-5       Orc: D:9-12

Altars:
Ashenzari
Cheibriados
Fedhas
Gozag
Kikubaaqudgha
Okawaru
Qazlal
Uskayaw
Wu Jian
Yredelemnul

Shops:
D:4 *(   D:5 *

Annotations:
D:4 2 runed translucent doors
D:6 exclusion: 2 orc warriors
D:9 1 runed translucent door, qw's ghost, novice GrHu
Lair:3 exclusions: basilisk and 3 black mambas
Lair:4 1 runed translucent door


Message History

Okawaru accepts your kill. The wolf bites you but does no damage.
The death yak gores you but does no damage.
The blink frog hits you.
The blink frog blinks!
The death yak gores you but does no damage. x2
The yak gores you but does no damage.
The four-headed hydra barely misses you.
The four-headed hydra closely misses you.
The four-headed hydra barely misses you.
The four-headed hydra bites you but does no damage.
You hit the yak.
The yak is lightly wounded.
The wolf bites you!
You completely miss the yak.
The yak is lightly wounded.
The death yak closely misses you.
The death yak gores you but does no damage. x2
The yak misses you. The yak gores you but does no damage.
You hit the yak but do no damage.
The yak is lightly wounded.
The wolf bites you!
A water moccasin comes into view.
The water moccasin hisses angrily.
You hit the yak but do no damage.
The yak is poisoned.
The yak is lightly wounded.
The four-headed hydra bites you.
You block the four-headed hydra's attack.
The four-headed hydra bites you.
You block the four-headed hydra's attack.
The four-headed hydra bites you but does no damage.
You block the four-headed hydra's attack.
The four-headed hydra bites you but does no damage. x2
You hit the yak.
The yak looks as sick as possible!
The yak is lightly wounded.
The wolf barely misses you. The yak gores you but does no damage.
The death yak closely misses you. You block the yak's attack.
The death yak gores you but does no damage.
A dream sheep comes into view.
The death yak gores you!
You die...

~~.... .S.....
.......
.......###
~~~~.P...###
#~~.......#
~#~~...F.<.##
~~~~..hYY..?#
~~~S.YY@YF.P#
S....YDYD...#
......YS....#
Y..Y.........#
.............#
............##
.............
............##


You could see 3 death yaks, 2 four-headed hydras, a black mamba, 5 yaks, 2 blink
frogs, a water moccasin, a wolf, 2 dream sheep and 2 electric eels.

Vanquished Creatures
  Gastronok (Lair:1)
  A boulder beetle (Lair:4)
  A two-headed ogre (D:9)
  4 death yaks (Lair:5)
  Nergalle (Lair:3)
  A skyshark (Lair:5)
  Amaemon (Lair:1)
  8 elephants
  2 merfolk sirens (Lair:3)
  A torpor snail (Lair:1)
  5 black mambas
  An orange demon (Lair:1)
  2 rime drakes
  7 cane toads
  A kobold demonologist (D:6)
  Maggie (Lair:1)
  7 komodo dragons
  Grinder (D:3)
  A hornet (Lair:3)
  Prince Ribbit (D:8)
  19 blink frogs
  7 dream sheep (Lair:4)
  2 culicivoras (Lair:3)
  37 yaks
  4 wyverns
  6 basilisks
  3 vampire mosquitoes (D:7)
  A redback (Lair:3)
  3 steam dragons
  13 water moccasins
  An orc warrior (D:6)
  A sky beast (D:7)
  3 black bears
  2 wolves (Lair:5)
  An ogre (D:5)
  7 centaurs
  2 kobold brigands
  Blork the orc (D:5)
  14 bullfrogs
  2 scorpions (D:6)
  A gnoll sergeant (D:6)
  14 wights
  A jelly (D:7)
  2 hounds
  A gnoll bouda (Lair:4)
  2 orc priests
  2 sleepcaps
  3 iguanas (D:5)
  7 orc wizards
  5 hell rats (Lair:1)
  Robin (D:3)
  4 gnolls (D:6)
  2 adders
  5 dart slugs
  10 orcs
  8 endoplasms
  3 giant cockroaches
  12 goblins
  6 hobgoblins
  6 jackals (D:3)
  5 quokkas
  5 ball pythons
  3 bats
  3 frilled lizards
  19 kobolds
  5 rats
312 creatures vanquished.

Notes
Turn   | Place    | Note
-------+----------+-------------------------------------------
     0 | D:1      | qw the Gargoyle Fighter began the quest for the Orb.
     0 | D:1      | Reached XP level 1. HP: 14/14 MP: 1/1
     0 | D:1      | 0 ||| qw: Version: 0.2-a-29-g511e9b1
     0 | D:1      | 0 ||| qw: Game counter: 4
     0 | D:1      | 0 ||| qw: Always use a shield: true
     0 | D:1      | 0 ||| qw: God list: Okawaru
     0 | D:1      | 0 ||| qw: Allow faded altars: false
     0 | D:1      | 0 ||| qw: Do Orc after D:15 true
     0 | D:1      | 0 ||| qw: Do second Lair branch before Depths: true
     0 | D:1      | 0 ||| qw: Lair rune preference: random
     0 | D:1      | 0 ||| qw: Plans: Normal, Zot:1-4, Slime:5, God:TSO, Crypt,
                  | Tomb, Abyss, Pan, Hells, Win
     0 | D:1      | 0 ||| PLANNING D:1-11
    16 | D:1      | Reached skill level 2 in Axes
   179 | D:1      | Reached XP level 2. HP: 19/19 MP: 2/2
   274 | D:1      | 274 ||| Stepping ~*~*~tactically~*~*~ (hiding).
   484 | D:1      | 484 ||| Stepping ~*~*~tactically~*~*~ (stealth).
   485 | D:1      | 485 ||| Stepping ~*~*~tactically~*~*~ (stealth).
   621 | D:1      | 621 ||| Stepping ~*~*~tactically~*~*~ (hiding).
   627 | D:1      | Reached skill level 3 in Axes
   822 | D:1      | Reached XP level 3. HP: 23/23 MP: 3/3
   916 | D:1      | 916 ||| UPGRADING to +0 chain mail.
   926 | D:1      | 926 ||| DROPPING +0 scale mail.
   927 | D:1      | 927 ||| READING 2 scrolls labelled DAJUMEH WI HAAD.
   928 | D:1      | 928 ||| READING scroll labelled ECUNKO ROYKYRUI.
   929 | D:1      | 929 ||| DRINKING 2 ruby potions.
   971 | D:2      | 971 ||| Stepping ~*~*~tactically~*~*~ (stealth).
  1062 | D:2      | Reached skill level 1 in Throwing
  1403 | D:2      | You fall into a shaft and drop 2 floors!
  1421 | D:4      | Found Hinieled's Antique Weapon Emporium.
  1438 | D:4      | 1438 ||| READING scroll labelled FAGUADD HILOY.
  1439 | D:4      | 1439 ||| READING 2 scrolls of identify.
  1439 | D:4      | 1439 ||| IDENTIFYING fuming purple potion
  1440 | D:4      | 1440 ||| DROPPING potion of brilliance.
  1453 | D:3      | Found a basalt altar of Yredelemnul.
  1492 | D:3      | 1492 ||| Stepping ~*~*~tactically~*~*~ (stealth).
  1493 | D:3      | 1493 ||| Stepping ~*~*~tactically~*~*~ (stealth).
  1495 | D:3      | 1495 ||| Stepping ~*~*~tactically~*~*~ (stealth).
  1500 | D:3      | Found a broken altar of Ashenzari.
  1501 | D:3      | 1501 ||| Stepping ~*~*~tactically~*~*~ (stealth).
  1502 | D:3      | 1502 ||| Stepping ~*~*~tactically~*~*~ (stealth).
  1503 | D:3      | 1503 ||| Stepping ~*~*~tactically~*~*~ (stealth).
  1687 | D:3      | 1687 ||| Stepping ~*~*~tactically~*~*~ (stealth).
  1712 | D:3      | Noticed Grinder
  1729 | D:3      | 1729 ||| Stepping ~*~*~tactically~*~*~ (hiding).
  1740 | D:3      | Paralysed by Grinder for 3 turns
  1751 | D:3      | Killed Grinder
  1752 | D:3      | Reached skill level 5 in Axes
  1752 | D:3      | Reached XP level 4. HP: 23/28 MP: 4/4
  1752 | D:3      | Reached XP level 5. HP: 26/32 MP: 5/5
  1752 | D:3      | Reached XP level 6. HP: 30/37 MP: 6/6
  1796 | D:3      | 1796 ||| Stepping ~*~*~tactically~*~*~ (stealth).
  1818 | D:3      | 1818 ||| READING scroll labelled XOXTU HAUHISOD.
  1819 | D:3      | 1819 ||| READING scroll labelled WULYOL RE JULU.
  1820 | D:3      | 1820 ||| DRINKING 2 bubbling green potions.
  2006 | D:2      | 2006 ||| READING 2 scrolls of identify.
  2006 | D:2      | 2006 ||| IDENTIFYING grey potion
  2022 | D:3      | Noticed Robin
  2032 | D:3      | 2032 ||| STAIRDANCE
  2068 | D:3      | Killed Robin
  2374 | D:3      | 2374 ||| UPGRADING to +0 helmet.
  2379 | D:3      | 2379 ||| READING scroll labelled TESYSUBUAQ.
  2553 | D:4      | Found a large runed translucent door.
  2553 | D:4      | Found a large runed translucent door.
  2613 | D:4      | Found Goadghim's Lightly-Used Armoury.
  2616 | D:4      | Found an iron altar of Okawaru.
  2622 | D:4      | 2622 ||| PLANNING OKAWARU WORSHIP
  2628 | D:4      | 2628 ||| READING scroll labelled UCOVER NUXZO.
  2629 | D:4      | 2629 ||| READING 2 scrolls of identify.
  2629 | D:4      | 2629 ||| IDENTIFYING orange potion
  2654 | D:4      | Became a worshipper of Warmaster Okawaru
  2655 | D:4      | 2655 ||| PLANNING D:1-11
  2693 | D:4      | 2693 ||| SHOPLISTING -1 gold dragon scales (750 gold, have
                  | 282).
  2693 | D:4      | 2693 ||| SHOPLISTING -2 gold dragon scales (700 gold, have
                  | 282).
  3355 | D:4      | 3355 ||| Stepping randomly (stuck).
  3382 | D:5      | Entered Level 5 of the Dungeon
  3388 | D:5      | 3388 ||| STAIRDANCE
  3469 | D:5      | Noticed a wyvern
  3476 | D:5      | Killed a wyvern
  3477 | D:5      | Reached skill level 6 in Axes
  3477 | D:5      | Reached XP level 7. HP: 16/43 MP: 7/7
  3720 | D:5      | Found Gozag's Platinum Reserve.
  3726 | D:5      | Reached skill level 1 in Dodging
  3742 | D:5      | Found an opulent altar of Gozag.
  3791 | D:5      | 3791 ||| SHOPLISTING +0 helmet "Aveheafyra" {rC+ Will++
                  | Str-4 Stlth+} (2690 gold, have 299).
  3791 | D:5      | 3791 ||| SHOPLISTING +3 mace of the Sun {elec, rN+ Int+4}
                  | (4210 gold, have 299).
  3809 | D:5      | Noticed Blork the orc
  3810 | D:5      | 3810 ||| Stepping ~*~*~tactically~*~*~ (stealth).
  3825 | D:5      | Killed Blork the orc
  3829 | D:5      | HP: 4/43 [orc priest/divine providence (11)]
  3830 | D:5      | 3830 ||| DRINKING potion of heal wounds.
  3832 | D:5      | Reached skill level 7 in Axes
  3935 | D:5      | Reached * piety under Okawaru
  3991 | D:5      | 3991 ||| DROPPING +0 whip.
  4061 | D:5      | Found a snail-covered altar of Cheibriados.
  4215 | D:5      | 4215 ||| INVOKING Heroism.
  4445 | D:5      | 4445 ||| READING 3 scrolls labelled ITSILI FUCKICA.
  4449 | D:5      | 4449 ||| READING scroll labelled QELIM QEGAAXKI.
  4450 | D:5      | 4450 ||| DRINKING 2 fizzy sapphire potions.
  4451 | D:5      | 4451 ||| READING 5 scrolls of identify.
  4451 | D:5      | 4451 ||| IDENTIFYING coppery potion
  4452 | D:5      | 4452 ||| DROPPING potion of enlightenment.
  4613 | D:6      | 4613 ||| Stepping ~*~*~tactically~*~*~ (stealth).
  4614 | D:6      | Found a staircase to the Ecumenical Temple.
  4620 | D:6      | Reached XP level 8. HP: 49/49 MP: 8/8
  4667 | D:6      | 4667 ||| DROPPING +0 mace.
  4736 | D:6      | 4736 ||| Stepping ~*~*~tactically~*~*~ (stealth).
  4797 | D:6      | Found a stormy altar of Qazlal.
  4798 | D:6      | 4798 ||| Stepping ~*~*~tactically~*~*~ (stealth).
  4800 | D:6      | 4800 ||| INVOKING Heroism.
  4803 | D:6      | 4803 ||| DRINKING potion of curing.
  4803 | D:6      | 4803 ||| (to cure confusion)
  4809 | D:6      | 4809 ||| UPGRADING to +0 pair of gloves.
  4882 | D:6      | Reached skill level 8 in Axes
  5103 | D:6      | Noticed a kobold demonologist
  5110 | D:6      | Noticed a rust devil
  5119 | D:6      | 5119 ||| INVOKING Heroism.
  5120 | D:6      | Killed a kobold demonologist
  5121 | D:6      | Reached skill level 6 in Fighting
  5197 | D:6      | 5197 ||| UPGRADING to +2 buckler.
  5207 | D:6      | 5207 ||| DROPPING +0 buckler.
  5357 | D:6      | 5357 ||| Stepping ~*~*~tactically~*~*~ (hiding).
  5363 | D:6      | 5363 ||| INVOKING Heroism.
  5369 | D:6      | Reached skill level 1 in Invocations
  5369 | D:6      | Reached XP level 9. HP: 52/56 MP: 6/10
  5522 | D:7      | 5522 ||| Stepping ~*~*~tactically~*~*~ (stealth).
  5538 | D:7      | Reached skill level 3 in Invocations
  5538 | D:7      | 5538 ||| INVOKING Heroism.
  5620 | D:7      | 5620 ||| Stepping ~*~*~tactically~*~*~ (stealth).
  5650 | D:7      | 5650 ||| Stepping ~*~*~tactically~*~*~ (hiding).
  5652 | D:7      | 5652 ||| INVOKING Heroism.
  5653 | D:7      | 5653 ||| Stepping ~*~*~tactically~*~*~ (cloud).
  5659 | D:7      | Reached skill level 9 in Axes
  5726 | D:7      | Reached ** piety under Okawaru
  5825 | D:7      | Found an ornate altar of the Wu Jian Council.
  5843 | D:7      | 5843 ||| INVOKING Heroism.
  5998 | D:7      | 5998 ||| INVOKING Heroism.
  6185 | D:7      | 6185 ||| READING scroll labelled KIYNAS KOPSO.
  6223 | D:8      | Noticed Prince Ribbit
  6224 | D:8      | 6224 ||| INVOKING Heroism.
  6228 | D:8      | Killed Prince Ribbit
  6333 | D:8      | 6333 ||| Stepping ~*~*~tactically~*~*~ (hiding).
  6357 | D:8      | 6357 ||| Stepping ~*~*~tactically~*~*~ (hiding).
  6422 | D:8      | Reached XP level 10. HP: 63/63 MP: 13/13
  6435 | D:8      | 6435 ||| UPGRADING to +5 war axe.
  6436 | D:8      | 6436 ||| DROPPING +1 war axe of electrocution.
  6451 | D:8      | Found a hide-covered altar of Uskayaw.
  6461 | D:8      | Reached skill level 10 in Axes
  6557 | D:8      | Reached *** piety under Okawaru
  6574 | D:8      | 6574 ||| INVOKING Heroism.
  6665 | D:8      | 6665 ||| Stepping ~*~*~tactically~*~*~ (stealth).
  6787 | D:8      | 6787 ||| Stepping ~*~*~tactically~*~*~ (hiding).
  6788 | D:8      | 6788 ||| Stepping ~*~*~tactically~*~*~ (hiding).
  6937 | D:8      | 6937 ||| INVOKING Heroism.
  6941 | D:8      | Reached skill level 11 in Axes
  6948 | D:8      | Reached skill level 6 in Armour
  7108 | D:8      | Found a blossoming altar of Fedhas.
  7110 | D:8      | Found an ancient bone altar of Kikubaaqudgha.
  7240 | D:8      | 7240 ||| INVOKING Heroism.
  7284 | D:8      | 7284 ||| Stepping ~*~*~tactically~*~*~ (hiding).
  7285 | D:8      | 7285 ||| Stepping ~*~*~tactically~*~*~ (hiding).
  7309 | D:8      | 7309 ||| READING scroll of enchant weapon.
  7309 | D:8      | 7309 ||| ENCHANTING +5 war axe.
  7312 | D:8      | 7312 ||| Stepping ~*~*~tactically~*~*~ (hiding).
  7313 | D:8      | 7313 ||| Stepping ~*~*~tactically~*~*~ (hiding).
  7321 | D:8      | 7321 ||| Stepping ~*~*~tactically~*~*~ (stealth).
  7345 | D:8      | 7345 ||| Stepping ~*~*~tactically~*~*~ (stealth).
  7562 | D:8      | 7562 ||| UPGRADING to +0 plate armour.
  7572 | D:8      | 7572 ||| DROPPING +0 chain mail.
  7573 | D:8      | 7573 ||| UPGRADING to +0 cloak.
  7578 | D:8      | 7578 ||| READING scroll labelled XAECLI GOSEKKU.
  7579 | D:8      | 7579 ||| READING 8 scrolls of identify.
  7579 | D:8      | 7579 ||| IDENTIFYING green potion
  7580 | D:8      | 7580 ||| READING 7 scrolls of identify.
  7580 | D:8      | 7580 ||| IDENTIFYING sedimented golden potion
  7581 | D:8      | 7581 ||| DROPPING potion of degeneration.
  7629 | D:9      | Found a staircase to the Lair.
  7704 | D:9      | 7704 ||| Stepping ~*~*~tactically~*~*~ (hiding).
  7705 | D:9      | 7705 ||| Stepping ~*~*~tactically~*~*~ (hiding).
  7708 | D:9      | 7708 ||| Stepping ~*~*~tactically~*~*~ (hiding).
  7709 | D:9      | 7709 ||| Stepping ~*~*~tactically~*~*~ (hiding).
  7710 | D:9      | 7710 ||| Stepping ~*~*~tactically~*~*~ (hiding).
  7711 | D:9      | 7711 ||| Stepping ~*~*~tactically~*~*~ (hiding).
  7816 | D:9      | 7816 ||| Stepping ~*~*~tactically~*~*~ (hiding).
  7828 | D:9      | Found a runed translucent door.
  7838 | D:9      | 7838 ||| Stepping ~*~*~tactically~*~*~ (hiding).
  7839 | D:9      | 7839 ||| Stepping ~*~*~tactically~*~*~ (hiding).
  7900 | D:9      | Noticed a two-headed ogre
  7901 | D:9      | 7901 ||| INVOKING Heroism.
  7911 | D:9      | Killed a two-headed ogre
  7911 | D:9      | Reached **** piety under Okawaru
  7912 | D:9      | Reached XP level 11. HP: 63/68 MP: 12/14
  7952 | D:9      | 7952 ||| INVOKING Heroism.
  8064 | D:9      | 8064 ||| DROPPING +0 flail.
  8098 | D:9      | 8098 ||| INVOKING Heroism.
  8253 | D:9      | Reached skill level 9 in Fighting
  8399 | D:9      | 8399 ||| Stepping ~*~*~tactically~*~*~ (hiding).
  8563 | D:9      | Noticed qw's ghost (novice GrHu)
  8565 | D:9      | 8565 ||| READING scroll labelled LAEGUO CIPE.
  8566 | D:9      | 8566 ||| PLANNING LAIR
  8602 | Lair:1   | Entered Level 1 of the Lair of Beasts
  8606 | Lair:1   | 8606 ||| INVOKING Heroism.
  8618 | Lair:1   | Reached skill level 6 in Invocations
  8666 | Lair:1   | 8666 ||| INVOKING Heroism.
  8862 | Lair:1   | 8862 ||| INVOKING Heroism.
  8942 | Lair:1   | 8942 ||| INVOKING Heroism.
  9025 | Lair:1   | Noticed Gastronok
  9026 | Lair:1   | 9026 ||| INVOKING Heroism.
  9048 | Lair:1   | Killed Gastronok
  9157 | Lair:1   | Noticed Amaemon
  9158 | Lair:1   | 9158 ||| Stepping ~*~*~tactically~*~*~ (hiding).
  9161 | Lair:1   | 9161 ||| Stepping ~*~*~tactically~*~*~ (hiding).
  9163 | Lair:1   | 9163 ||| INVOKING Heroism.
  9175 | Lair:1   | Killed Amaemon
  9176 | Lair:1   | Reached skill level 12 in Axes
  9182 | Lair:1   | Received a gift from Okawaru
  9183 | Lair:1   | Reached XP level 12. HP: 55/76 MP: 18/18
  9468 | Lair:1   | Reached skill level 9 in Invocations
  9481 | Lair:1   | 9481 ||| INVOKING Heroism.
  9487 | Lair:1   | Reached skill level 9 in Armour
  9492 | Lair:1   | HP: 19/76 [elephant (11)]
  9493 | Lair:1   | 9493 ||| READING 3 scrolls of teleportation.
  9494 | Lair:1   | 9494 ||| DRINKING 2 potions of heal wounds.
  9630 | Lair:1   | Reached ***** piety under Okawaru
  9845 | Lair:1   | 9845 ||| READING scroll of brand weapon.
  9845 | Lair:1   | 9845 ||| BRANDING +6 war axe.
  9879 | Lair:1   | Noticed Maggie
  9888 | Lair:1   | Killed Maggie
 10063 | Lair:1   | 10063 ||| READING 9 scrolls of identify.
 10063 | Lair:1   | 10063 ||| IDENTIFYING fizzy ruby potion
 10076 | Lair:2   | 10076 ||| INVOKING Heroism.
 10084 | Lair:2   | Reached skill level 6 in Shields
 10118 | Lair:2   | 10118 ||| INVOKING Heroism.
 10126 | Lair:2   | 10126 ||| Stepping ~*~*~tactically~*~*~ (stealth).
 10875 | Lair:2   | 10875 ||| UPGRADING to +2 pair of boots.
 10880 | Lair:2   | 10880 ||| READING 8 scrolls of identify.
 10880 | Lair:2   | 10880 ||| IDENTIFYING silvery potion
 10881 | Lair:2   | 10881 ||| READING 7 scrolls of identify.
 10881 | Lair:2   | 10881 ||| IDENTIFYING viscous golden potion
 10882 | Lair:2   | 10882 ||| DROPPING potion of ambrosia.
 10914 | Lair:3   | 10914 ||| INVOKING Heroism.
 10917 | Lair:3   | 10917 ||| Stepping ~*~*~tactically~*~*~ (stealth).
 10939 | Lair:3   | 10939 ||| INVOKING Heroism.
 10982 | Lair:3   | 10982 ||| Stepping ~*~*~tactically~*~*~ (hiding).
 10986 | Lair:3   | 10986 ||| INVOKING Heroism.
 11171 | Lair:3   | 11171 ||| INVOKING Heroism.
 11201 | Lair:3   | 11201 ||| UPGRADING to amulet of regeneration.
 11206 | Lair:3   | 11206 ||| DROPPING +6 ring of intelligence.
 11216 | Lair:3   | 11216 ||| Stepping ~*~*~tactically~*~*~ (hiding).
 11218 | Lair:3   | 11218 ||| Stepping ~*~*~tactically~*~*~ (hiding).
 11219 | Lair:3   | 11219 ||| Stepping ~*~*~tactically~*~*~ (hiding).
 11252 | Lair:3   | 11252 ||| Stepping ~*~*~tactically~*~*~ (stealth).
 11291 | Lair:3   | Found a staircase to the Shoals.
 11360 | Lair:3   | Found a hole to the Spider Nest.
 11377 | Lair:3   | Identified the +0 pair of gloves "Dubef" {+Blink Dex+4}
                  | (Okawaru gifted it to you on level 3 of the Lair of Beasts)
 11377 | Lair:3   | Received a gift from Okawaru
 11439 | Lair:3   | 11439 ||| INVOKING Heroism.
 11447 | Lair:3   | Reached skill level 13 in Axes
 11622 | Lair:3   | Noticed Nergalle
 11623 | Lair:3   | 11623 ||| INVOKING Heroism.
 11637 | Lair:3   | Reached XP level 13. HP: 75/81 MP: 20/20
 11640 | Lair:3   | Killed Nergalle
 11741 | Lair:3   | 11741 ||| UPGRADING to +0 pair of gloves "Dubef" {+Blink
                  | Dex+4}.
 11751 | Lair:3   | 11751 ||| DROPPING +0 pair of gloves.
 11752 | Lair:3   | 11752 ||| READING 6 scrolls of identify.
 11752 | Lair:3   | 11752 ||| IDENTIFYING bubbling sapphire potion
 11785 | Lair:4   | 11785 ||| Stepping ~*~*~tactically~*~*~ (hiding).
 11796 | Lair:4   | Reached skill level 3 in Dodging
 11800 | Lair:4   | 11800 ||| INVOKING Heroism.
 11803 | Lair:4   | 11803 ||| Stepping ~*~*~tactically~*~*~ (stealth).
 11805 | Lair:4   | 11805 ||| Stepping ~*~*~tactically~*~*~ (stealth).
 11811 | Lair:4   | 11811 ||| Stepping ~*~*~tactically~*~*~ (stealth).
 11866 | Lair:4   | 11866 ||| INVOKING Heroism.
 11867 | Lair:4   | 11867 ||| INVOKING Finesse.
 11953 | Lair:4   | Reached skill level 14 in Axes
 12060 | Lair:4   | 12060 ||| Stepping ~*~*~tactically~*~*~ (stealth).
 12061 | Lair:4   | 12061 ||| Stepping ~*~*~tactically~*~*~ (stealth).
 12063 | Lair:4   | 12063 ||| INVOKING Heroism.
 12336 | Lair:4   | 12336 ||| Stepping ~*~*~tactically~*~*~ (hiding).
 12470 | Lair:4   | 12470 ||| INVOKING Heroism.
 12564 | Lair:4   | Found a runed translucent door.
 12573 | Lair:4   | 12573 ||| UPGRADING to amulet of faith.
 12583 | Lair:4   | 12583 ||| READING scroll labelled NUDDAHUCUK.
 12584 | Lair:4   | 12584 ||| READING 2 scrolls labelled BICZYALEGE.
 12585 | Lair:4   | 12585 ||| READING 5 scrolls of identify.
 12585 | Lair:4   | 12585 ||| IDENTIFYING red potion
 12586 | Lair:4   | 12586 ||| DROPPING potion of invisibility.
 12587 | Lair:4   | 12587 ||| DROPPING scroll of fog.
 12607 | Lair:5   | Entered Level 5 of the Lair of Beasts
 12609 | Lair:5   | 12609 ||| INVOKING Heroism.
 12622 | Lair:5   | 12622 ||| INVOKING Finesse.
 12633 | Lair:5   | 12633 ||| SWAPPING to +0 demon whip of venom.
 12665 | Lair:5   | Received a gift from Okawaru
 12668 | Lair:5   | HP: 20/84 [four-headed hydra (8)]
 12669 | Lair:5   | 12669 ||| READING 4 scrolls of teleportation.
 12669 | Lair:5   | HP: 1/84 [death yak (14)]
 12670 | Lair:5   | 12670 ||| DRINKING potion of heal wounds.
 12674 | Lair:5   | HP: 6/84 [four-headed hydra (5)]
 12674 | Lair:5   | HP: 2/84 [four-headed hydra (4)]
 12675 | Lair:5   | Mangled by a death yak

Levels and vault maps discovered:
D:1:      dpeg_arrival_tiny_a, layout_loops_ring
D:2:      layout_loops_cross, minmay_misc_feat_hallway
D:3:      layout_loops_ring, cheibrodos_ashenzari_chains,
          mainiacjoe_overflow_small_starburst, uniq_robin, uniq_grinder
D:4:      layout_cave_pools, amcnicky_altar_gilded, jmf_multi_god_temple2,
          serial_shops, nicolae_shop_rolling_square, minmay_shop_damaged
D:5:      nicolae_cairo_tiling_large, layout_basic, mainiacjoe_overflow_catwalk,
          nicolae_gozag_zags_fifth_avenue, skrybe_limestone_x,
          serial_bayou_pond_a, uniq_blork_the_orc
D:6:      layout_basic, mainiacjoe_overflow_concentric_impassable,
          minmay_temple_entry_statues_fountains, palyth_stone_intersect
D:7:      layout_basic, general_overflow_altar
D:8:      layout_loops_cross, grunt_temple_overflow_growth_and_decay,
          mainiacjoe_overflow_boulevard, uniq_prince_ribbit1
D:9:      layout_basic, lair_entry_dummy, ebering_ghost_reflecting_pool
Lair:1:   layout_cave_pods, grunt_megastairs_2, uniq_gastronok, uniq_maggie,
          uniq_amaemon
Lair:2:   layout_loops_ring, minivault_26
Lair:3:   layout_long_grid, elwin_shoals_entry_rooms,
          spider_nest_entry_funnel_web, nicolae_lair_lakeside_cave,
          uniq_nergalle
Lair:4:   dreamdust_labyrinth, layout_misc_corridors,
          grunt_forest_small_clearings, chequers_serial_rivers_micro_d,
          dreamdust_gnoll_shepherd, infiniplex_staircase_pool
Lair:5:   hangedman_lair_caniforms_friends, layout_gridlike,
          guppyfry_lair_end_dragon, dpeg_slime_entry_enclosed

Skill      XL: |  1  2  3  4  5  6  7  8  9 10 11 12 13 |
---------------+----------------------------------------+-----
Axes           | 2 3 5 6 7 8 9 11 12 13 14 | 14.0
Throwing       | 1 2 |  2.1
Fighting       | 4 5 6 7 8 9 10 11 | 11.1
Dodging        | 1 2 3 |  3.0
Armour         | 4 5 8 10 11 | 11.1
Invocations    | 1 4 8 10 | 10.0
Shields        | 4 5 6 7 |  7.2

Action                     |  1- 3 |  4- 6 |  7- 9 | 10-12 | 13-15 || total
---------------------------+-------+-------+-------+-------+-------++-------
  Melee: War axe           |    72 |    71 |   193 |   475 |   124 ||   935
         Demon whip        |       |       |       |       |    40 ||    40
  Throw: Javelin           |    32 |    28 |    11 |       |       ||    71
         Boomerang         |       |       |       |    54 |       ||    54
 Invoke: Heroism           |       |       |     9 |    21 |     5 ||    35
         Finesse           |       |       |       |       |     2 ||     2
    Use: Scroll            |     4 |     6 |     4 |    10 |     5 ||    29
         Potion            |     1 |     1 |     3 |     1 |     1 ||     7
 Armour: Scale mail        |    12 |       |       |       |       ||    12
         Chain mail        |    36 |    44 |   139 |    56 |       ||   275
         Plate armour      |       |       |       |   233 |   162 ||   395
  Dodge: Dodged            |    27 |    20 |    67 |   138 |    78 ||   330
  Block: Buckler           |    13 |    15 |    58 |   150 |    75 ||   311

Table legend:
 A = Non-vault XP
 B = Vault XP
 C = Vault XP percentage of total XP
 D = Non-vault monster count
 E = Vault monster count
 F = Vault count percentage of total count
                 A         B        C        D         E       F
            +---------+---------+-------+---------+---------+-------
      Total |   41375 |    8779 |  17.5 |     274 |      38 |  12.2
            +---------+---------+-------+---------+---------+-------
        D:1 |      35 |       0 |   0.0 |      18 |       0 |   0.0
        D:2 |      20 |       2 |   9.1 |      11 |       1 |   8.3
        D:3 |      54 |     303 |  84.9 |      24 |       8 |  25.0
        D:4 |      71 |       0 |   0.0 |      11 |       0 |   0.0
        D:5 |     602 |      94 |  13.5 |      11 |       1 |   8.3
        D:6 |    1202 |       0 |   0.0 |      18 |       0 |   0.0
        D:7 |    1702 |       0 |   0.0 |      21 |       0 |   0.0
        D:8 |    3911 |     268 |   6.4 |      36 |       1 |   2.7
        D:9 |    4153 |       0 |   0.0 |      25 |       0 |   0.0
     Lair:1 |    7004 |    3768 |  35.0 |      22 |      12 |  35.3
     Lair:2 |    2170 |       0 |   0.0 |       9 |       0 |   0.0
     Lair:3 |    3954 |    3817 |  49.1 |      15 |      12 |  44.4
     Lair:4 |    9517 |     527 |   5.2 |      34 |       3 |   8.1
     Lair:5 |    6980 |       0 |   0.0 |      19 |       0 |   0.0
            +---------+---------+-------+---------+---------+-------
